 Dungeon Crawl Stone Soup version 0.28.0-43-g3370ac3207 (webtiles) character file.

Game seed: 10229605714731266064

89 Cape the Conjurer (level 4, -1/24 HPs)
             Began as a Deep Elf Conjurer on Mar 24, 2022.
             Slain by a gnoll
             ... wielding a +0 halberd
              (16 damage)
             ... on level 3 of the Dungeon.
             The game lasted 00:08:14 (3211 turns).

Cape the Conjurer (Deep Elf Conjurer)               Turns: 3211, Time: 00:08:15

Health: -1/24      AC:  3    Str:  4    XL:     4   Next: 31%
Magic:  7/12       EV: 12    Int: 25    God:
Gold:   61         SH:  0    Dex: 13    Spells: 11/12 levels left

rFire   . . .      SeeInvis .   b - +1 short sword (venom)
rCold   . . .      Faith    .   (no shield)
rNeg    . . .      Spirit   .   a - +1 robe
rPois   .          Reflect  .   (no helmet)
rElec   .          Harm     .   (no cloak)
rCorr   .          Rampage  .   (no gloves)
Will    .....                   (no boots)
Stlth   ++........              (no amulet)
HPRegen 0.08/turn               (no ring)
MPRegen 0.13/turn               (no ring)

@: no status effects
A: no striking features
a: no special abilities


You were on level 3 of the Dungeon.
You visited 1 branch of the dungeon, and saw 3 of its levels.

You collected 89 gold pieces.
You spent 28 gold pieces at shops.

Inventory:

Hand Weapons
 b - a +1 short sword of venom (weapon)
 k - a +0 glaive of freezing
Missiles
 g - 5 poisoned darts (quivered)
 l - 4 atropa-tipped darts
Armour
 a - a +1 robe (worn)
Scrolls
 h - a scroll of fear
Potions
 d - a potion of cancellation {unknown}
 f - 2 potions of curing {unknown}
 j - a potion of might {unknown}
 m - a potion of lignification {unknown}


   Skills:
 - Level 2.4 Dodging
 - Level 2.4 Stealth
 + Level 4.9 Spellcasting
 + Level 5.5 Conjurations


You had 11 spell levels left.
You knew the following spells:

 Your Spells              Type           Power      Damage    Failure   Level
a - Magic Dart            Conj           100%       1d8       1%          1

Your spell library contained the following spells:

 Spells                   Type           Power      Damage    Failure   Level
 Searing Ray              Conj           66%        2d6       1%          2
 Dazzling Flash           Conj/Hex       38%        N/A       9%          3
 Frozen Ramparts          Ice            12%        1d3       26%         3
 Fulminant Prism          Conj/Hex       9%         3d7       26%         4
 Iskenderun's Mystic Bla  Conj/Tloc      19%        2d6       26%         4
 Ice Form                 Ice/Tmut       6%         N/A       63%         4
 Summon Ice Beast         Ice/Summ       6%         N/A       63%         4


Dungeon Overview and Level Annotations

Branches:
Dungeon (3/15)

Altars:
Nemelex Xobeh

Shops:
D:2 *


Message History

Confirm with . or Enter, or press ? or * to list all spells.
Aiming: Magic Dart (safe; 1% risk of failure)
Press: ? - help, Shift-Dir - straight line, f/p - gnoll
Aim: a gnoll, wielding a +0 spear (lightly wounded, 100% to hit)
The magic dart hits the gnoll.
The gnoll is heavily wounded.
The gnoll closely misses you.
Casting: Magic Dart (safe; 1% risk of failure)
Confirm with . or Enter, or press ? or * to list all spells.
Aiming: Magic Dart (safe; 1% risk of failure)
Press: ? - help, Shift-Dir - straight line, f/p - gnoll
Aim: a gnoll, wielding a +0 spear (heavily wounded, 100% to hit)
The magic dart hits the gnoll.
The gnoll is almost dead.
The gnoll barely misses you.
Casting: Magic Dart (safe; 1% risk of failure)
Confirm with . or Enter, or press ? or * to list all spells.
Aiming: Magic Dart (safe; 1% risk of failure)
Press: ? - help, Shift-Dir - straight line, f/p - gnoll
Aim: a gnoll, wielding a +0 spear (almost dead, 100% to hit)
The magic dart hits the gnoll!
You kill the gnoll!
Casting: Magic Dart (safe; 1% risk of failure)
Confirm with . or Enter, or press ? or * to list all spells.
Aiming: Magic Dart (safe; 1% risk of failure)
Press: ? - help, Shift-Dir - straight line, f - gnoll
Aim: a gnoll, wielding a +0 halberd (100% to hit)
The magic dart hits the gnoll.
The gnoll is lightly wounded.
The gnoll hits you from afar with a +0 halberd!
Casting: Magic Dart (safe; 1% risk of failure)
Confirm with . or Enter, or press ? or * to list all spells.
Aiming: Magic Dart (safe; 1% risk of failure)
Press: ? - help, Shift-Dir - straight line, f/p - gnoll
Aim: a gnoll, wielding a +0 halberd (lightly wounded, 100% to hit)
The magic dart hits the gnoll.
The gnoll is heavily wounded.
The gnoll hits you from afar with a +0 halberd!
Ouch! That really hurt!
You die...

##.#...... #......##.
#..#...##.
############.........
#....................
#.######.#######.####
#.#####...# #.#
#.##....#.# #.#
#.##@##...# ##'##
#.##.###.## ##...##
#....g...# ##.....##
####.#.### ##.......#
##....####.........
#.###....g.......).
#.# #.####.........
#.###.# ##.......#
##...## ##...>.##


You could see a gnoll.

Vanquished Creatures
  A gnoll (D:3)
  4 adders (D:2)
  A worm (D:2)
  2 dart slugs
  4 ball pythons
  2 bats (D:2)
  2 endoplasms (D:1)
  2 giant cockroaches (D:2)
  3 goblins
  4 hobgoblins
  3 frilled lizards
  7 kobolds
  3 rats
38 creatures vanquished.

Vanquished Creatures (others)
  2 fungi (D:2)
  9 plants
11 creatures vanquished.

Grand Total: 49 creatures vanquished

Notes
Turn   | Place    | Note
-------+----------+-------------------------------------------
     0 | D:1      | Cape the Deep Elf Conjurer began the quest for the Orb.
     0 | D:1      | Reached XP level 1. HP: 10/10 MP: 6/6
   457 | D:1      | Reached XP level 2. HP: 15/15 MP: 3/8
  1745 | D:2      | Reached skill level 5 in Conjurations
  1745 | D:2      | Reached XP level 3. HP: 5/19 MP: 1/10
  2015 | D:2      | Found Genwiy's General Store.
  2345 | D:2      | Reached XP level 4. HP: 18/24 MP: 8/12
  2689 | D:2      | Found a sparkling altar of Nemelex Xobeh.
  2738 | D:2      | Found a faded altar of an unknown god.
  2894 | D:2      | Bought 4 atropa-tipped darts for 28 gold pieces
  3211 | D:3      | Slain by a gnoll

Illustrated notes

Levels and vault maps discovered:
D:1:      psy_arrival_basics, layout_loops_corners, serial_forest,
          infiniplex_forest_clump_long, infiniplex_forest_lined_3,
          infiniplex_forest_diagonal, infiniplex_forest_clump_cross,
          infiniplex_forest_lined_2, infiniplex_forest_zigzag_1,
          infiniplex_forest_clump_double, infiniplex_forest_end_2,
          infiniplex_forest_end_3
D:2:      layout_basic, shapermc_ecumenical_altar_mp_urbaneastern, serial_shops,
          nicolae_shop_behind_doors, basic_altar, grunt_decor_fettered
D:3:      layout_loops_corners, minmay_snake_closets

Skill      XL: |  1  2 |
---------------+-------+-----
Spellcasting   | 4 |  4.9
Conjurations   | 5 |  5.5
Dodging        | |  2.4
Stealth        | |  2.4

Action                   |  1- 3 |  4- 6 || total
-------------------------+-------+-------++-------
Melee: Short sword       |     2 |       ||     2
 Cast: Magic Dart        |    70 |    18 ||    88
  Use: Scroll            |     2 |     4 ||     6
Armor: Robe              |     1 |     1 ||     2
Dodge: Dodged            |     5 |     2 ||     7
